 Dungeon Crawl Stone Soup version 0.22-a0-571-g4a923d4 (webtiles) character file.

975 B1inky the Nimble (level 7, 0/35 HPs)
             Began as a Spriggan Fighter on July 1, 2018.
             Was an Initiate of Cheibriados.
             Slain by a wight
             ... wielding a cursed +5 long sword of freezing
              (4 damage)
             ... on level 6 of the Dungeon on July 2, 2018.
             The game lasted 00:10:16 (6077 turns).

B1inky the Nimble (Spriggan Fighter)                Turns: 6077, Time: 00:10:17

Health: 0/35       AC:  2    Str: 15    XL:     7   Next: 95%
Magic:  8/8        EV: 24    Int: 10    God:    Cheibriados [......]
Gold:   203        SH:  6    Dex: 17    Spells: 6/6 levels left

rFire    . . .     SeeInvis +   r - +4 dagger (flame)
rCold    . . .     Gourm    .   c - +0 buckler
rNeg     . . .     Faith    .   s - +0 animal skin
rPois    .         Spirit   .   (helmet restricted)
rElec    .         Reflect  .   (no cloak)
rCorr    .         Harm     .   (gloves unavailable)
MR       +....                  (boots unavailable)
Stlth    ++........             (no amulet)
HPRegen  0.11/turn              (no ring)
MPRegen  0.11/turn              (no ring)

@: drained, quick
A: very small, unfitting armour, see invisible, herbivore, speed 3, slow
metabolism 2
a: Bend Time, Renounce Religion


You were on level 6 of the Dungeon.
You worshipped Cheibriados.
Cheibriados was noncommittal.
You were very hungry.

You visited 2 branches of the dungeon, and saw 7 of its levels.

You collected 203 gold pieces.

Inventory:

Hand Weapons
 a - a +0 long sword
 r - a +4 dagger of flaming (weapon)
Armour
 c - a +0 buckler (worn)
 s - a +0 animal skin (worn)
Jewellery
 v - an uncursed ring of ice
Scrolls
 h - 5 scrolls of teleportation
 j - 2 scrolls of magic mapping
 t - a scroll of immolation {unknown}
 w - a scroll of fog
 y - 3 scrolls of remove curse
Potions
 d - 3 potions of might
 k - a potion of flight
 l - 3 potions of curing
 m - 2 potions of resistance {unknown}
 o - a potion of degeneration {unknown}
 p - 3 potions of ambrosia
 u - a potion of lignification {unknown}
 x - a potion of heal wounds {unknown}
Comestibles
 f - 7 rations


   Skills:
 + Level 2.9(2.6) Fighting
 + Level 5.9(6.1) Short Blades
 - Level 2.5(3.6) Long Blades
 + Level 9.8(9.5) Dodging
 + Level 2.8(2.5) Stealth
 - Level 2.1(1.9) Shields


You had 6 spell levels left.
You didn't know any spells.
Your spell library was empty.

Dungeon Overview and Level Annotations

Branches:
Dungeon (6/15)             Temple (1/1) D:4

Altars:
Cheibriados
Kikubaaqudgha
Makhleb
Okawaru
Ru
Xom
Yredelemnul
The Shining One

Shops:
D:4 (

Annotations:
D:4 2 transporters


Innate Abilities, Weirdness & Mutations

You are very small and have problems with some larger weapons.
You are too small for most types of armour.
You have supernaturally acute eyesight. (SInv)
You are a herbivore.
You cover ground extremely quickly.
You need to consume almost no food.


Message History

You feel drained. The wight freezes you.
You barely miss the scorpion. The scorpion misses you.
Unknown command.
You completely miss the scorpion. The wight misses you.
Okay, then.
Okay, then.
You closely miss the wight. The scorpion stings you.
You block the wight's attack.
Unknown command.
You hit the wight but do no damage. You block the scorpion's attack.
You hit the wight but do no damage. You block the wight's attack.
The scorpion misses you.
You hit the wight. You burn the wight.
The wight is moderately damaged.
You hit the wight. You burn the wight.
The wight is moderately damaged.
The wight hits you with a long sword of freezing!
* * * LOW HITPOINT WARNING * * *
The wight freezes you.
You die...

.. #.. #. #.# #
#. #<# #.#.##.#
.#..#.....######
........l...$...
.)#.#=##$.####..
.. #..####.# ##
#.ls@z..#
#.####### #.#
#.# #<# ..# ##


You could see a scorpion, an iguana and a wight.

Vanquished Creatures
  A wyvern (D:4)
  A black bear (D:4)
  3 ogres
  A scorpion (D:5)
  A crimson imp (D:5)
  3 hounds
  2 worker ants (D:4)
  A hound zombie (D:4)
  Robin (D:2)
  4 gnolls (D:3)
  10 adders
  2 oozes (D:3)
  3 worms
  3 dart slugs
  8 orcs
  8 bats
  4 giant cockroaches
  14 goblins
  7 hobgoblins
  3 jackals (D:3)
  10 kobolds
  A ball python (D:2)
  2 frilled lizards
  2 leopard gecko skeletons
  4 rats
99 creatures vanquished.

Notes
Turn   | Place    | Note
-------+----------+-------------------------------------------
     0 | D:1      | B1inky the Spriggan Fighter began the quest for the Orb.
     0 | D:1      | Reached XP level 1. HP: 11/11 MP: 2/2
   112 | D:1      | Reached XP level 2. HP: 16/16 MP: 3/3
   236 | D:1      | Reached skill level 5 in Dodging
  1007 | D:2      | Found an ancient bone altar of Kikubaaqudgha.
  1128 | D:2      | Noticed Robin
  1131 | D:2      | Reached XP level 3. HP: 16/19 MP: 4/4
  1141 | D:2      | Killed Robin
  1585 | D:2      | Reached skill level 1 in Short Blades
  1585 | D:2      | Reached skill level 6 in Dodging
  1585 | D:2      | Reached XP level 4. HP: 23/23 MP: 5/5
  2333 | D:3      | Reached XP level 5. HP: 24/27 MP: 6/6
  2648 | D:3      | Reached skill level 7 in Dodging
  3051 | D:3      | Found a burning altar of Makhleb.
  3051 | D:3      | Noticed an Executioner
  3055 | D:3      | Noticed an orange demon
  3055 | D:3      | Noticed a ynoxinul
  3360 | D:4      | Noticed an ogre
  3559 | D:3      | Killed an ogre
  3559 | D:3      | Reached XP level 6. HP: 24/32 MP: 7/7
  3660 | D:4      | Found a transporter.
  3665 | D:4      | Noticed a wyvern
  3684 | D:4      | Killed a wyvern
  3684 | D:4      | Reached skill level 8 in Dodging
  4041 | D:4      | Reached XP level 7. HP: 25/35 MP: 8/8
  4242 | D:4      | Found Puog's Weapon Boutique.
  4251 | D:4      | Found a staircase to the Ecumenical Temple.
  4260 | Temple   | Entered the Ecumenical Temple
  4267 | Temple   | Became a worshipper of Cheibriados the Contemplative
  4394 | D:4      | Found a transporter.
  4460 | D:4      | Reached skill level 5 in Short Blades
  4460 | D:4      | Reached skill level 9 in Dodging
  4841 | D:5      | Entered Level 5 of the Dungeon
  4954 | D:5      | Reached skill level 1 in Stealth
  6077 | D:6      | Slain by a wight

Vault maps used:
D:1:      ebering_hopf_link
D:2:      nicolae_overflow_hidden_temple, first_ration, grunt_decor_one_mirror,
          uniq_robin
D:3:      serial_bayou_pond_e, makhleb_altar_promises_db
D:4:      gammafunk_steamed_eel, minmay_temple_entry_statues_pillars,
          serial_shops, nicolae_shop_stone
D:6:      uniq_pikel
Temple:   compressed_dpeg_circular_temple

Skill      XL: |  1  2  3  4  5  6  7 |
---------------+----------------------+-----
Long Blades    | 2 |  2.5
Dodging        | 5 6 7 8 9 |  9.8
Short Blades   | 1 2 3 4 5 |  5.9
Stealth        | 2 |  2.8
Fighting       | |  2.9
Shields        | |  2.1

Action                   |  1- 3 |  4- 6 |  7- 9 || total
-------------------------+-------+-------+-------++-------
Melee: Long sword        |    94 |       |       ||    94
       Dagger            |    17 |   154 |   100 ||   271
  Use: Scroll            |     1 |     3 |     4 ||     8
 Stab: Sleeping          |     1 |     1 |     2 ||     4
       Distracted        |       |     1 |       ||     1
  Eat: Ration            |       |       |     1 ||     1
Armor: Robe              |     6 |       |       ||     6
       Animal skin       |     1 |     5 |     3 ||     9
Dodge: Dodged            |    81 |    93 |    46 ||   220
Block: Buckler           |    36 |    43 |    21 ||   100
       Rpst.: Long sword |    23 |       |       ||    23

Table legend:
 A = Spawn XP
 B = Non-spawn XP
 C = Spawn XP percentage of total XP
 D = Spawn monster count
 E = Non-spawn monster count
 F = Spawn count percentage of total count
 G = Total turns spent on level
                    A         B        C        D         E        F      G
               +---------+---------+-------+---------+---------+-------+---------
         Total |       0 |    1393 |   0.0 |       0 |      99 |   0.0 |  6077
               +---------+---------+-------+---------+---------+-------+---------
           D:1 |       0 |      30 |   0.0 |       0 |      19 |   0.0 |   806
           D:2 |       0 |      77 |   0.0 |       0 |      22 |   0.0 |  1187
           D:3 |       0 |     294 |   0.0 |       0 |      34 |   0.0 |  1838
           D:4 |       0 |     502 |   0.0 |       0 |      13 |   0.0 |   995
           D:5 |       0 |     490 |   0.0 |       0 |      11 |   0.0 |  1215
               +---------+---------+-------+---------+---------+-------+---------
